 Dungeon Crawl Stone Soup version 0.21-a0-517-gd76cfe0 (webtiles) character file.

32 Halberto the Cudgeler (level 3, 0/23 HPs)
             Began as a Gargoyle Fighter on Dec 3, 2017.
             Was an Initiate of Qazlal.
             Slain by a worm (4 damage)
             ... on level 2 of the Dungeon.
             The game lasted 00:02:20 (1375 turns).

Halberto the Cudgeler (Gargoyle Fighter)            Turns: 1375, Time: 00:02:21

Health: 0/23       AC: 11    Str: 23    XL:     3   Next: 27%
Magic:  3/3        EV:  9    Int:  8    God:    Qazlal [......]
Gold:   122        SH:  0    Dex:  9    Spells: 2/2 levels left

rFire    . . .     SeeInvis .   a - +0 flail
rCold    . . .     Gourm    .   (no shield)
rNeg     + . .     Faith    .   b - +0 scale mail
rPois    ∞         Spirit   .   (no helmet)
rElec    +         Reflect  .   o - +0 cloak
rCorr    .         Harm     .   (no gloves)
MR       .....                  (no boots)
Stlth    ..........             (no amulet)
HPRegen  0.07/turn              i - +3 ring of strength
MPRegen  0.08/turn              (no ring)

@: no status effects
A: negative energy resistance 1, electricity resistance, unbreathing,
petrification resistance, rot immunity, AC +3
a: Renounce Religion


You were on level 2 of the Dungeon.
You worshipped Qazlal.
Qazlal was noncommittal.
You were not hungry.

You visited 1 branch of the dungeon, and saw 2 of its levels.

You collected 122 gold pieces.

Inventory:

Hand Weapons
 a - a +0 flail (weapon)
Armour
 b - a +0 scale mail (worn)
 c - a +0 shield
 o - a +0 cloak (worn)
Jewellery
 i - a +3 ring of strength (left hand)
Scrolls
 e - a scroll of remove curse {unknown}
 j - a scroll of fear {unknown}
 k - 2 scrolls of identify {unknown}
 q - a scroll of amnesia {unknown}
 r - a scroll of magic mapping {unknown}
 s - a scroll of fog {unknown}
Potions
 d - a potion of might
 g - a potion of invisibility {unknown}
 h - a potion of degeneration {unknown}
 l - a potion of brilliance {unknown}
 m - 2 potions of heal wounds {unknown}
 n - a potion of agility {unknown}
Books
 p - a book of Cantrips

   Spells                             Type                      Level
   a - Confusing Touch                Hexes                        1
   b - Animate Skeleton               Necromancy                   1
   c - Summon Small Mammal            Summoning                    1
   d - Apportation                    Translocation                1
Comestibles
 f - a bread ration


   Skills:
 - Level 3.2 Fighting
 + Level 3.6 Maces & Flails
 - Level 3.2 Armour
 - Level 3.2 Shields


You had 2 spell levels left.
You didn't know any spells.

Dungeon Overview and Level Annotations

Branches:
Dungeon (2/15)

Altars:
Fedhas
Qazlal


Innate Abilities, Weirdness & Mutations

You are resistant to torment.
Your stone body is resilient. (AC +3)
You are immune to poison.
You resist negative energy. (rN+)
You are resistant to electric shocks. (rElec)
You can survive without breathing.
You are immune to petrification.
You are immune to rotting.


Message History

Your base attributes are Str 19, Int 8, Dex 9.
Increase (S)trength, (I)ntelligence, or (D)exterity?
You feel stronger.
The hobgoblin hits you but does no damage.
You hit the hobgoblin.
You kill the hobgoblin!
Qazlal accepts your kill.
You swing at nothing.
You sock the worm!
The worm is heavily wounded.
The worm bites you but does no damage.
You hit the worm but do no damage.
The worm is heavily wounded.
The worm barely misses you.
You hit the worm.
The worm is severely wounded.
You barely miss the worm.
The worm is severely wounded.
The worm bites you.
You die...

################## #..
###................###.#
#.......###........##...
#.#.##### #######.......
#.#.# #.###... #.#.# #.#
##.# #.#.# #.####.#
#######...##### #....^..
#............@# ######.#
#.######.####w## .#
#.####..####
#.#P......≈###
#..PPPP.###≈.#
#.#.P_....._..#
##..PPPP.^≈####
###PPP....# #####....#


You could see a worm.

Vanquished Creatures
  An adder (D:2)
  A dart slug (D:1)
  A giant cockroach (D:2)
  2 goblins
  7 hobgoblins
  3 kobolds (D:1)
  2 bats (D:1)
  A frilled lizard (D:1)
  2 rats (D:1)
  A bush (D:2)
21 creatures vanquished.

Notes
Turn   | Place    | Note
-------+----------+-------------------------------------------
     0 | D:1      | Halberto the Gargoyle Fighter began the quest for the Orb.
     0 | D:1      | Reached XP level 1. HP: 14/14 MP: 1/1
   285 | D:1      | Reached XP level 2. HP: 15/19 MP: 2/2
  1276 | D:2      | Found a blossoming altar of Fedhas.
  1346 | D:2      | Found a stormy altar of Qazlal.
  1350 | D:2      | Became a worshipper of Qazlal Stormbringer
  1369 | D:2      | Reached XP level 3. HP: 3/23 MP: 3/3
  1375 | D:2      | Slain by a worm

Vault maps used:
D:1:      minmay_arrival_jagged, roderic_filled_cross
D:2:      grunt_temple_overflow_forces_of_nature, dk_vineyard_2,
          makhleb_altar_promises_db

Skill      XL: |  1  2 |
---------------+-------+-----
Maces & Flails | 3 |  3.6
Fighting       | |  3.2
Armour         | |  3.2
Shields        | |  3.2

Action                   || total
-------------------------++-------
Melee: Flail             ||   124
  Eat: Chunk             ||     2
Armor: Scale mail        ||    43
Dodge: Dodged            ||    39

Table legend:
 A = Spawn XP
 B = Non-spawn XP
 C = Spawn XP percentage of total XP
 D = Spawn monster count
 E = Non-spawn monster count
 F = Spawn count percentage of total count
 G = Total turns spent on level
                    A         B        C        D         E        F      G
               +---------+---------+-------+---------+---------+-------+---------
         Total |       0 |      47 |   0.0 |       0 |      20 |   0.0 |  1375
               +---------+---------+-------+---------+---------+-------+---------
           D:1 |       0 |      28 |   0.0 |       0 |      16 |   0.0 |  1148
           D:2 |       0 |      19 |   0.0 |       0 |       4 |   0.0 |   227
               +---------+---------+-------+---------+---------+-------+---------
